 Dungeon Crawl Stone Soup version 0.22-a0-192-g6ffc940 (webtiles) character file.

39 wolfsongas the Vexing (level 3, 0/35 HPs)
             Began as an Ogre Arcane Marksman on Feb 16, 2018.
             Was an Initiate of Okawaru.
             Slain by a jackal (1 damage)
             ... on level 3 of the Dungeon.
             The game lasted 00:04:18 (2321 turns).

wolfsongas the Vexing (Ogre Arcane Marksman)        Turns: 2321, Time: 00:04:18

Health: 0/35       AC:  3    Str: 15    XL:     3   Next: 47%
Magic:  5/5        EV: 10    Int: 14    God:    Okawaru [......]
Gold:   95         SH:  0    Dex: 11    Spells: 4/5 levels left

rFire    . . .     SeeInvis .   q - +0 mace
rCold    . . .     Gourm    .   (no shield)
rNeg     . . .     Faith    .   a - +0 robe
rPois    .         Spirit   .   (helmet restricted)
rElec    .         Reflect  .   (no cloak)
rCorr    .         Harm     .   (gloves unavailable)
MR       +....                  (boots unavailable)
Stlth    +.........             (no amulet)
HPRegen  0.11/turn              e - ring of protection from magic
MPRegen  0.09/turn              (no ring)

@: no status effects
A: large, unfitting armour, agile 1, tough skin 1, wild magic 1, no potion heal
1
a: Renounce Religion


You were on level 3 of the Dungeon.
You worshipped Okawaru.
Okawaru was noncommittal.
You were not hungry.

You visited 1 branch of the dungeon, and saw 4 of its levels.

You collected 95 gold pieces.

Inventory:

Hand Weapons
 q - a +0 mace (weapon)
Armour
 a - a +0 robe (worn)
Magical Staves
 j - an uncursed staff of fire
Jewellery
 e - a ring of protection from magic (left hand)
Scrolls
 l - 3 scrolls of remove curse
Potions
 m - 3 potions of might
Books
 b - a book of Debilitation

   Spells                             Type                      Level
   a - Corona                         Hexes                        1
   b - Slow                           Hexes                        2
   c - Inner Flame                    Hexes/Fire                   3
   d - Portal Projectile              Hexes/Translocation          3
   e - Cause Fear                     Hexes                        4
   f - Leda's Liquefaction            Hexes/Earth                  4
Comestibles
 f - 4 rations


   Skills:
 + Level 2.2 Fighting
 * Level 2.6 Throwing
 + Level 2.1 Dodging
 + Level 1.8 Spellcasting
 + Level 2.9 Hexes


You had 4 spell levels left.
You knew the following spells:

 Your Spells              Type           Power        Failure   Level  Hunger
a - Corona                Hex            ##.....      11%         1    ##.....


Dungeon Overview and Level Annotations

Branches:
Dungeon (4/15)             Temple (0/1) D:4

Altars:
Ashenzari
Okawaru


Innate Abilities, Weirdness & Mutations

You are too large for most types of armour.
You have tough skin. (AC +1)
You are agile. (Dex +2)
Your spells are a little harder to cast, but a little more powerful.
Potions are less effective at restoring your health.


Message History

The jackal closely misses you. The jackal bites you.
* * * LOW HITPOINT WARNING * * *
The kobold barely misses you. The jackal barely misses you.
The jackal misses you. The jackal bites you.
* * * LOW HITPOINT WARNING * * *
You hit the jackal but do no damage. The jackal bites you.
* * * LOW HITPOINT WARNING * * *
The jackal bites you but does no damage.
The kobold barely misses you. The jackal bites you.
* * * LOW HITPOINT WARNING * * *
The jackal bites you.
* * * LOW HITPOINT WARNING * * *
The jackal closely misses you. The kobold hits you.
* * * LOW HITPOINT WARNING * * *
The jackal completely misses you.
You hit the kobold.
You kill the kobold!
Okawaru accepts your kill. The jackal bites you.
You die...

..##############
........#.......
#.#####.........
#...###### #.@h#
#(hh# #...#
#...# ....#
.#.......#
.........#
.#.......# ## ##
..#..


You could see 3 jackals.

Vanquished Creatures
  A worm (D:2)
  3 orcs (D:3)
  A goblin (D:2)
  6 hobgoblins
  A jackal (D:3)
  2 ball pythons
  4 bats
  3 frilled lizards
  7 kobolds
  5 rats
33 creatures vanquished.

Notes
Turn   | Place    | Note
-------+----------+-------------------------------------------
     0 | D:1      | wolfsongas the Ogre Arcane Marksman began the quest for the Orb.
     0 | D:1      | Reached XP level 1. HP: 19/19 MP: 2/2
   295 | D:1      | Reached XP level 2. HP: 19/27 MP: 4/4
  1025 | D:2      | Found a shattered altar of Ashenzari.
  1198 | D:2      | Found an iron altar of Okawaru.
  1210 | D:2      | Became a worshipper of Warmaster Okawaru
  1413 | D:2      | Found a faded altar of an unknown god.
  1588 | D:2      | Reached XP level 3. HP: 29/35 MP: 5/5
  1865 | D:2      | You fall through a shaft for 2 floors!
  1873 | D:4      | Gained mutation: Potions are less effective at restoring your health. [potion of mutation]
  1873 | D:4      | Gained mutation: You are agile. (Dex +2) [potion of mutation]
  1873 | D:4      | Gained mutation: Your spells are a little harder to cast, but a little more powerful. [potion of mutation]
  1889 | D:4      | Found a staircase to the Ecumenical Temple.
  2320 | D:3      | HP: 1/35 [kobold (3)]
  2321 | D:3      | Slain by a jackal

Vault maps used:
D:1:      minmay_arrival_nine_rooms
D:2:      old_standard_altar, chequers_ecumenical_altar_simple_redux,
          okawaru_metal_pillars_3
D:3:      nemelex_dance_club_becter
D:4:      cheibrodos_fertilizer, minmay_temple_entry_poolview, first_ration,
          nicolae_dithmenos_the_darkroom, uniq_grinder

Skill      XL: |  1  2 |
---------------+-------+-----
Dodging        | 2 |  2.1
Fighting       | 2 |  2.2
Throwing       | |  2.6
Spellcasting   | |  1.8
Hexes          | |  2.9

Action                   || total
-------------------------++-------
Melee: Unarmed           ||    42
       Short sword       ||    43
       Mace              ||    30
Throw: Large rock        ||    14
       Throwing net      ||     2
  Use: Scroll            ||     8
       Potion            ||     4
 Stab: Sleeping          ||     1
  Eat: Ration            ||     1
       Chunk             ||     1
Armor: Robe              ||    69
Dodge: Dodged            ||   100

Table legend:
 A = Spawn XP
 B = Non-spawn XP
 C = Spawn XP percentage of total XP
 D = Spawn monster count
 E = Non-spawn monster count
 F = Spawn count percentage of total count
 G = Total turns spent on level
                    A         B        C        D         E        F      G
               +---------+---------+-------+---------+---------+-------+---------
         Total |       0 |      57 |   0.0 |       0 |      33 |   0.0 |  2321
               +---------+---------+-------+---------+---------+-------+---------
           D:1 |       0 |      10 |   0.0 |       0 |       7 |   0.0 |   951
           D:2 |       0 |      29 |   0.0 |       0 |      17 |   0.0 |   914
           D:3 |       0 |      18 |   0.0 |       0 |       9 |   0.0 |   412
               +---------+---------+-------+---------+---------+-------+---------
